[Event "*** Titled Tuesday Blitz"]
[Site "Chess.com"]
[Date "2021.03.09"]
[Round "1"]
[White "ChessQueen"]
[Black "ega2006"]
[Result "1-0"]
[WhiteElo "2784"]
[BlackElo "2415"]
[TimeControl "180+1"]
[EndTime "10:07:08 PST"]
[Termination "ChessQueen won on time"]

1. e4 c5 2. c3 d5 3. exd5 Qxd5 4. d4 Nf6 5. Nf3 Nc6 6. Be2 e6 7. O-O Be7 8. c4 Qd8 9. dxc5 O-O 10. Nc3 Bxc5 11.
Nb5 a6 12. Nc3 h6 13. a3 Nd4 14. b4 Nxf3+ 15. Bxf3 Bd4 16. Bb2 e5 17. Qb3 Be6 18.
Bxb7 Qc7 19. Bd5 Bxd5 20. Nxd5 Nxd5 21. cxd5 Rfd8 22. Rfd1 Bb6 23. Rac1 Qe7 24. Rc6 Rd6 25. Rxd6 Qxd6 26. Qg3 f6 27. h3 Rd8 28. Bc1 e4 29. Bf4 Qe7 30. Bxh6 Kf8 31. Bf4 Kg8 32. d6 Qe6 33.
Re1 Kf7 34. Qc3 Qd5 35. Qc2 Re8 36. Rd1 Qe6 37. d7 Rd8 38. Rd6 1-0

[Event "*** Titled Tuesday Blitz"]
[Site "Chess.com"]
[Date "2021.03.09"]
[Round "1"]
[White "Thjop"]
[Black "allvim"]
[Result "1-0"]
[WhiteElo "2658"]
[BlackElo "2350"]
[TimeControl "180+1"]
[EndTime "10:07:08 PST"]
[Termination "Thjop won by resignation"]

1. e4 c5 2. Nf3 d6 3. g3 Nf6 4. d3 Nc6 5. Bg2 e6 6. O-O Be7 7. Nc3 O-O 8. Nh4 Rb8 9. f4 a6 10.
f5 b5 11. g4 exf5 12. Nxf5 Bxf5 13. exf5 Ne5 14. g5 Nfd7 15. h4 Nb6 16. Qh5 g6 17.
Qe2 Re8 18. Bf4 Bf8 19. Rae1 Ned7 20. Qg4 Ne5 21. Qg3 gxf5 22. Bxe5 Rxe5 23. Rxe5 dxe5 24. Rxf5 Bg7 25. h5 Qd4+ 26. Kh2 b4 27. Ne4 Nd7 28. g6 hxg6 29. hxg6 fxg6 30. Qxg6 Rb6 31. Qf7+ Kh7 32. Rh5+ Rh6 33. Ng5+ Kh8 34. Rxh6+ 1-0

[Event "*** Titled Tuesday Blitz"]
[Site "Chess.com"]
[Date "2021.03.09"]
[Round "1"]
[White "frederiksvane"]
[Black "ajdemipopushi"]
[Result "1-0"]
[WhiteElo "2647"]
[BlackElo "2347"]
[TimeControl "180+1"]
[EndTime "10:07:08 PST"]
[Termination "frederiksvane won on time"]

1. e4 c5 2. Nf3 g6 3. d4 cxd4 4. Nxd4 Bg7 5. c4 Nc6 6. Be3 Nf6 7. Nc3 Nxd4 8. Bxd4 Qa5 9. Bd3 d6 10. O-O O-O 11. Qd2 Be6 12. Rad1 Rfc8 13. b3 a6 14. f4 Bg4 15. Rde1 b5 16. e5 Ne8 17. Qe3 bxc4 18. Bxc4 e6 19. Na4 Rcb8 20. Bb6 Qb4 21.
a3 Qxa3 22. Ba5 dxe5 23. fxe5 Qe7 24. Bc3 Bf5 25. h3 h5 26. Qf4 Qc7 27. Rf2 h4 28.
Qxh4 Qb7 29. Qf4 1-0

[Event "*** Titled Tuesday Blitz"]
[Site "Chess.com"]
[Date "2021.03.09"]
[Round "1"]
[White "juancruzarias"]
[Black "ViktoriyaTarasova"]
[Result "0-1"]
[WhiteElo "2579"]
[BlackElo "2307"]
[TimeControl "180+1"]
[EndTime "10:07:08 PST"]
[Termination "ViktoriyaTarasova won by checkmate"]

1. e4 e5 2. Nf3 Nc6 3. Nc3 Nf6 4. d4 exd4 5. Nxd4 Bb4 6. Nxc6 bxc6 7. Bd3 O-O 8. O-O d5 9. exd5 cxd5 10. Bg5 c6 11. Qf3 Bd6 12. h3 Rb8 13. Rab1 Be6 14.
Ne2 h6 15. Bf4 c5 16. Bxd6 Qxd6 17. c3 Rfe8 18. Nf4 Bd7 19. b3 Bc6 20. Qg3 Rbd8 21.
Rfe1 Ne4 22. Bxe4 Rxe4 23. Rxe4 dxe4 24. Qe3 g5 25. Nh5 f5 26. b4 cxb4 27. cxb4 Qd3 28. Rc1 Qxe3 29. fxe3 Ba4 30. Rc7 Rd1+ 31. Kh2 a6 32. Nf6+ Kf8 33. Ra7 Bb5 34. a4 Bf1 35. Kg1 Bd3+ 36. Kf2 f4 37. Ra8+ Kf7 38. Nd5 Rf1# 0-1

[Event "*** Titled Tuesday Blitz"]
[Site "Chess.com"]
[Date "2021.03.09"]
[Round "1"]
[White "Soltan49"]
[Black "AliKa2810"]
[Result "0-1"]
[WhiteElo "2209"]
[BlackElo "2537"]
[TimeControl "180+1"]
[EndTime "10:07:08 PST"]
[Termination "AliKa2810 won on time"]

1. d4 d5 2. Nf3 Nf6 3. c4 c6 4.
Nc3 dxc4 5. a4 Bf5 6. Bg5 Nbd7 7. e3 h6 8. Bh4 e6 9. Bxc4 Bb4 10. O-O O-O 11. e4 Bg4 12. e5 g5 13. Bg3 Nd5 14.
Ne4 a5 15. Qc2 Be7 16. Nfd2 N7b6 17. Bb3 Nb4 18. Qc3 N6d5 19. Qc4 Nb6 20. Qc3 Be2 21. Rfe1 N6d5 22. Bxd5 Nxd5 23. Qb3 Ba6 24. Qf3 Kg7 25.
Qh5 Qe8 26. Rac1 f5 27. exf6+ Nxf6 28. Qxe8 Raxe8 29. Nc5 Bxc5 30. Rxc5 Nd5 31. Nf3 Nb4 0-1

[Event "*** Titled Tuesday Blitz"]
[Site "Chess.com"]
[Date "2021.03.09"]
[Round "1"]
[White "Omk124"]
[Black "DrVelja"]
[Result "1-0"]
[WhiteElo "2458"]
[BlackElo "2820"]
[TimeControl "180+1"]
[EndTime "10:07:10 PST"]
[Termination "Omk124 won by resignation"]

1. e4 c6 2. c4 d5 3. exd5 cxd5 4. cxd5 Nf6 5. Nc3 g6 6. Nf3 Bg7 7. Bc4 O-O 8. O-O Nbd7 9. Qb3 Nb6 10. d3 Bf5 11.
Be3 Rc8 12. Bxb6 axb6 13. Rfe1 Ne8 14. Nb5 Nd6 15. Nxd6 Qxd6 16. Rac1 Rc5 17. Nd2 Rfc8 18. a4 b5 19. axb5 Qf4 20. Ne4 Bxe4 21. dxe4 Bd4 22. Rf1 b6 23. Rc2 Kg7 24. Qd3 Qf6 25.
b3 Ra8 26. Kh1 g5 27. g3 g4 28. Kg2 Ra1 29. f4 gxf3+ 30. Qxf3 Qxf3+ 31. Rxf3 Rg1+ 32. Kh3 Rc8 33. Rd2 Be5 34. d6 e6 35. Rdf2 f6 36.
Bxe6 Rd8 37. d7 Kf8 38. Bf5 Ke7 39. Rd3 h5 40. Rc2 h4 41. Rc8 hxg3 42. hxg3 Rxg3+ 43. Rxg3 1-0

[Event "*** Titled Tuesday Blitz"]
[Site "Chess.com"]
[Date "2021.03.09"]
[Round "1"]
[White "NiranjanNavalgund"]
[Black "Twitch_ElhamBlitz05"]
[Result "1-0"]
[WhiteElo "2440"]
[BlackElo "2791"]
[TimeControl "180+1"]
[EndTime "10:07:10 PST"]
[Termination "NiranjanNavalgund won by checkmate"]

1. e4 c6 2. Nc3 d5 3. Nf3 dxe4 4.
Nxe4 Nf6 5. Qe2 Nxe4 6. Qxe4 Be6 7.
Bc4 Bxc4 8. Qxc4 Qd5 9. Qf4 Nd7 10. O-O e6 11. c4 Qh5 12. d4 Be7 13. Qc7 Rd8 14.
Qxb7 c5 15. dxc5 Bxc5 16. Rd1 Bb6 17. Bg5 f6 18. Bf4 e5 19. Bd2 Qf7 20. Bb4 Qxc4 21.
Ba3 Qb5 22. Qe4 Kf7 23. Rd5 Nc5 24. Bxc5 Bxc5 25. Rad1 Rxd5 26. Qxd5+ Kg6 27. Qe4+ Kf7 28.
Qd5+ Kg6 29. h4 Rc8 30. Nxe5+ Kh6 31. Qd2+ Kh5 32. Nf3 g6 33. Qd5+ Kh6 34. Qf7 Rc6 35. g4 Bxf2+ 36. Kg2 Bxh4 37. Rh1 Qxb2+ 38. Kh3 Qf2 39.
Qf8# 1-0

[Event "*** Titled Tuesday Blitz"]
[Site "Chess.com"]
[Date "2021.03.09"]
[Round "1"]
[White "temiksmozg"]
[Black "muchojogo"]
[Result "1-0"]
[WhiteElo "2670"]
[BlackElo "2362"]
[TimeControl "180+1"]
[EndTime "10:07:10 PST"]
[Termination "temiksmozg won by resignation"]

1. d4 Nf6 2. c4 c5 3. d5 b5 4. cxb5 a6 5. bxa6 g6 6. Nc3 Bg7 7. Nf3 O-O 8. a7 Rxa7 9. e4 e6 10. Be2 exd5 11. exd5 d6 12. O-O Re8 13. Bf4 Ba6 14.
Re1 Bxe2 15. Rxe2 Rxe2 16. Qxe2 Re7 17. Qb5 Ne4 18. Rc1 Qc7 19. g3 Nd7 20. Qc6 Qxc6 21. dxc6 Nxc3 22. cxd7 Ne2+ 23. Kf1 Rxd7 24. Kxe2 Bxb2 25.
Rc2 Bf6 26. Nd2 Re7+ 27. Kf3 Rd7 28. Ne4 Be7 29. h4 f5 30. Ng5 d5 31. Ne6 c4 32.
Be5 Kf7 33. Nd4 Ra7 34. Ne2 Ke6 35. Bd4 Ra3+ 36. Kg2 Bf6 37. Nf4+ Kf7 38. Bxf6 Kxf6 39. Nxd5+ Ke5 40. Ne3 c3 41. Nd1 Kd4 42. Kf3 Kc4 43. Rxc3+ Rxc3+ 44. Nxc3 Kxc3 45. Kf4 Kb2 46. Kg5 Kxa2 47.
Kh6 Kb3 48. Kxh7 f4 49. Kxg6 1-0

[Event "*** Titled Tuesday Blitz"]
[Site "Chess.com"]
[Date "2021.03.09"]
[Round "1"]
[White "zverr1"]
[Black "Chopper1905"]
[Result "0-1"]
[WhiteElo "2468"]
[BlackElo "2923"]
[TimeControl "180+1"]
[EndTime "10:07:11 PST"]
[Termination "Chopper1905 won by resignation"]

1. d4 Nf6 2. c4 g6 3. Nc3 d5 4. cxd5 Nxd5 5. Bd2 Nb6 6. e4 Qxd4 7. Qc2 Qd8 8. Rd1 N8d7 9. h4 c6 10. h5 Bg7 11. Nf3 Qc7 12. a4 Ne5 13. Be2 Bg4 14. Nb5 Qb8 15. a5 Nbd7 16. Na3 Nxf3+ 17. gxf3 Bxh5 18. a6 Ne5 19. Rxh5 gxh5 20. axb7 Qxb7 21. Bc3 O-O 22. Qd2 Ng6 23. Qg5 Bxc3+ 24. bxc3 Qb2 25.
Nc4 Qxc3+ 26. Kf1 Rfd8 27. Rc1 Qf6 28. Qxh5 Qf4 29. Ne3 a5 30. Rxc6 a4 31. Bc4 e6 32.
Ng4 Qc1+ 33. Kg2 Nf4+ 34. Kh2 Nxh5 35. Nh6+ Qxh6 0-1

[Event "*** Titled Tuesday Blitz"]
[Site "Chess.com"]
[Date "2021.03.09"]
[Round "1"]
[White "Fortitudine"]
[Black "SamuelGhimpu2003"]
[Result "0-1"]
[WhiteElo "2311"]
[BlackElo "2611"]
[TimeControl "180+1"]
[EndTime "10:07:11 PST"]
[Termination "SamuelGhimpu2003 won on time"]

1. c4 Nf6 2. g3 e5 3. Bg2 Nc6 4. Nc3 Bb4 5. Nd5 Bc5 6. Nf3 O-O 7. O-O Re8 8. d3 h6 9. Nxf6+ Qxf6 10. Rb1 Qe7 11.
a3 a5 12. e3 Qf6 13. Nd2 d6 14. Ne4 Qe7 15. Nc3 Qd8 16. Nd5 a4 17. Nc3 Bf5 18.
Nxa4 Rxa4 19. Qxa4 Bxd3 20. Bd2 Bxf1 21. Rxf1 e4 22.
Bc3 Bb6 23. Rd1 Qg5 24. Rd5 Qg4 25. Qd1 Qe6 26. b4 Ne7 27. Rd4 Bxd4 28. Qxd4 Nf5 29. Qa7 Qxc4 30. Be1 Qc1 31. Kf1 b5 32. Qb7 Qc4+ 33.
Kg1 g6 0-1

[Event "*** Titled Tuesday Blitz"]
[Site "Chess.com"]
[Date "2021.03.09"]
[Round "1"]
[White "Aemulus20"]
[Black "CzechmVIII"]
[Result "1-0"]
[WhiteElo "2554"]
[BlackElo "2245"]
[TimeControl "180+1"]
[EndTime "10:07:11 PST"]
[Termination "Aemulus20 won by resignation"]

1. e4 c5 2. Nf3 d6 3. d4 cxd4 4.
Nxd4 Nf6 5. Nc3 g6 6. Be2 Bg7 7. O-O Nc6 8. Kh1 Nxd4 9. Qxd4 O-O 10. Qd3 Be6 11. f4 Rc8 12. Be3 Bc4 13. Qd2 Bxe2 14. Qxe2 a6 15. Bd4 Re8 16. Rad1 Qa5 17. e5 Nd5 18.
Qf3 Nxc3 19. Bxc3 Rxc3 20. Qxc3 Qxc3 21. bxc3 dxe5 22. fxe5 Bxe5 23. Rd7 Bxc3 24. Rxb7 Bf6 25. c4 Rc8 26. Rc1 Rc5 27. Rb6 Bg5 28. Rc2 Be3 29.
Rxa6 Rf5 30. g3 g5 31. Kg2 g4 32. Ra8+ Kg7 33. a4 Bc5 34. Ra5 Kf6 35. Rb5 Ke6 36. Rd2 Re5 37. a5 Re1 38. Rxc5 1-0

[Event "*** Titled Tuesday Blitz"]
[Site "Chess.com"]
[Date "2021.03.09"]
[Round "1"]
[White "Tekushka"]
[Black "Rud_Makarian"]
[Result "0-1"]
[WhiteElo "2438"]
[BlackElo "2826"]
[TimeControl "180+1"]
[EndTime "10:07:12 PST"]
[Termination "Rud_Makarian won on time"]

1. e4 e5 2. Nf3 d6 3. d4 exd4 4. Nxd4 Nf6 5. Nc3 Be7 6. g3 O-O 7. Bg2 Re8 8. O-O Bf8 9. h3 Na6 10. Re1 Nc5 11. Bf4 c6 12. Qd2 Qb6 13. Nb3 Qb4 14.
Nxc5 dxc5 15. a3 Qd4 16. Rad1 Qxd2 17. Rxd2 Be6 18. Red1 h6 19. g4 g5 20. Be3 Rac8 21. f3 b6 22. Kf2 Be7 23. Rh1 Nh7 24. Ne2 Nf8 25. Ng3 Ng6 26. Nf5 Bf8 27. h4 Bxf5 28. gxf5 Nxh4 29. Bf1 Bg7 30. c3 Be5 31. Bc4 Rc7 32.
Rhd1 Kg7 33. Rd7 Re7 34. Rd8 a5 35. a4 Rb7 36. Ra8 Red7 37. Rxd7 Rxd7 38. Re8 Bf4 39. Bxf4 gxf4 40. Ke2 Kf6 41. Rb8 Ng2 42. Rxb6 h5 43. Rxc6+ Kg5 44. Rxc5 h4 45. Kf2 Rd2+ 46. Kg1 h3 47.
Kh2 Kh4 48. f6 Ne3+ 49. Kh1 Nxc4 50. Rxc4 Kg3 51. Rd4 Rh2+ 52. Kg1 Rg2+ 53. Kh1 Rh2+ 54. Kg1 Rxb2 55. Rd1 Kxf3 0-1

[Event "*** Titled Tuesday Blitz"]
[Site "Chess.com"]
[Date "2021.03.09"]
[Round "1"]
[White "VinzentSpitzl"]
[Black "tjychess"]
[Result "0-1"]
[WhiteElo "2368"]
[BlackElo "2684"]
[TimeControl "180+1"]
[EndTime "10:07:12 PST"]
[Termination "tjychess won on time"]

1. e4 e5 2. Nf3 Nc6 3. Bb5 a6 4. Ba4 Nf6 5. O-O b5 6. Bb3 Bc5 7. c3 d6 8. a4 Rb8 9. d4 Bb6 10. axb5 axb5 11. Na3 O-O 12. Nxb5 h6 13. h3 Bd7 14.
Bc2 Re8 15. Re1 Qc8 16. dxe5 Nxe5 17. Nxe5 dxe5 18. Na3 Bxh3 19. gxh3 Qxh3 20. Qd3 Qh4 21. Qf3 Ng4 22. Be3 Bxe3 23. fxe3 Re6 24. Re2 Rf6 25.
Qh1 Qg5 26. Qg2 Rxb2 27. Bd3 Rxe2 28. Bxe2 Qxe3+ 29. Kh1 Nf2+ 30. Kh2 Qxe2 0-1

[Event "*** Titled Tuesday Blitz"]
[Site "Chess.com"]
[Date "2021.03.09"]
[Round "1"]
[White "Chernov_Alexander_A"]
[Black "Sadykov_Ramil"]
[Result "0-1"]
[WhiteElo "2283"]
[BlackElo "2588"]
[TimeControl "180+1"]
[EndTime "10:07:12 PST"]
[Termination "Sadykov_Ramil won by resignation"]

1. Nf3 c5 2. g3 d5 3. Bg2 f6 4. O-O e5 5. c4 Ne7 6. d3 Nbc6 7. Nc3 d4 8. Ne4 Ng6 9. e3 f5 10. Neg5 h6 11. exd4 hxg5 12. Bxg5 Be7 13. Bxe7 Qxe7 14. d5 Nd8 15. Re1 Nf7 16. d4 cxd4 17. Nxd4 O-O 18.
Qh5 Qf6 19. Nb5 Bd7 20. Nc3 Rac8 21. b3 e4 22. Ne2 Nfe5 23. Rad1 b5 24. Nd4 bxc4 25.
bxc4 Rxc4 26. Nc6 Bxc6 27. dxc6 Rxc6 28. Rd5 Rd6 29. Red1 Rfd8 30. Rxd6 Rxd6 31. Rxd6 Qxd6 32. Qe2 Qd3 33. Qh5 Nf3+ 34. Bxf3 exf3 35. h3 Qe2 0-1

[Event "*** Titled Tuesday Blitz"]
[Site "Chess.com"]
[Date "2021.03.09"]
[Round "1"]
[White "HrvojeZagreb"]
[Black "Ajedrez_con_German"]
[Result "1-0"]
[WhiteElo "2270"]
[BlackElo "2546"]
[TimeControl "180+1"]
[EndTime "10:07:12 PST"]
[Termination "HrvojeZagreb won on time"]

1. d4 e6 2. Bf4 Nf6 3. e3 b6 4.
Be2 Bb7 5. Bf3 Qc8 6. c4 Bb4+ 7.
Nc3 Ne4 8. Rc1 O-O 9. Ne2 d6 10. a3 Bxc3+ 11. Nxc3 Nxc3 12. Rxc3 Nd7 13. O-O Nf6 14.
b4 Ne4 15. Rc1 f5 16. c5 Qd7 17. Qc2 Bd5 18. c6 Qe7 19. h3 Qf7 20. Be2 g5 21. Bh2 Nf6 22. f3 Rae8 23. Qa4 a5 24. bxa5 Ra8 25. a6 Ra7 26. Qb4 Rfa8 27. a4 Qe8 28. Bb5 e5 29. dxe5 dxe5 30. Rfd1 Bf7 31. Rd7 Nxd7 32. cxd7 Qe6 33. Qc3 c5 34. Bxe5 1-0

[Event "*** Titled Tuesday Blitz"]
[Site "Chess.com"]
[Date "2021.03.09"]
[Round "1"]
[White "hermionegrangermagic"]
[Black "norwaytoadog"]
[Result "1-0"]
[WhiteElo "2539"]
[BlackElo "2210"]
[TimeControl "180+1"]
[EndTime "10:07:12 PST"]
[Termination "hermionegrangermagic won on time"]

1. e4 c5 2. Nf3 d6 3. d4 cxd4 4. Nxd4 Nf6 5. Nc3 a6 6. Be3 e5 7. Nb3 Be7 8. Qd2 Be6 9. h3 h5 10.
O-O-O Nbd7 11. f4 b5 12. f5 Bc4 13. Kb1 Rc8 14. Bd3 h4 15. Rhg1 Qc7 16. g4 hxg3 17.
Rxg3 Rh7 18. Rdg1 Bf8 19. Nd5 Nxd5 20. exd5 Nf6 21. Bg5 Nxd5 22. Be4 Nf6 23. Bxf6 gxf6 24. Na5 d5 25. Nxc4 dxe4 26. Ne3 Rd8 27. Nd5 Qd6 28. Rd1 Rh8 29. a4 Bh6 30. Qg2 Bf8 31. Qxe4 Qc6 32. Rgd3 Rc8 33. c3 Bh6 34. Qh4 1-0

[Event "*** Titled Tuesday Blitz"]
[Site "Chess.com"]
[Date "2021.03.09"]
[Round "1"]
[White "dolynachess"]
[Black "swimmerchess"]
[Result "0-1"]
[WhiteElo "2413"]
[BlackElo "2779"]
[TimeControl "180+1"]
[EndTime "10:07:14 PST"]
[Termination "swimmerchess won by resignation"]

1. d4 Nf6 2. c4 e6 3. g3 c5 4. Nf3 cxd4 5. Nxd4 d5 6. Bg2 e5 7. Nf3 d4 8. O-O Nc6 9. b4 e4 10. Ng5 Bf5 11. b5 Ne5 12. Nd2 e3 13. fxe3 Bg6 14. Bb2 dxe3 15. Bxe5 exd2 16. Bxb7 Bc5+ 17. Kg2 O-O 18. Bxf6 gxf6 19. Nf3 Be3 20. Bd5 Qa5 21. Qb3 Rae8 22. Rad1 Bh6 23. Rf2 Re3 24. Qb2 Rfe8 25. Qxd2 Qb6 26. Qb2 Bg7 27. Qd4 Qa5 28. Rd2 f5 29.
Qf4 Qb6 30. Kf1 R3e4 31. Qg5 Rg4 32. Bxf7+ Kxf7 33. Rd7+ Kg8 34. Qd2 Rxc4 35. Qd5+ Qe6 36. Qxe6+ Rxe6 37. Rxa7 Bh6 38. Nh4 Be3 39. Rf3 Bxa7 0-1

[Event "*** Titled Tuesday Blitz"]
[Site "Chess.com"]
[Date "2021.03.09"]
[Round "1"]
[White "Eloist"]
[Black "NicoChasin"]
[Result "0-1"]
[WhiteElo "2329"]
[BlackElo "2629"]
[TimeControl "180+1"]
[EndTime "10:07:14 PST"]
[Termination "NicoChasin won on time"]

1. e4 c5 2. d3 Nc6 3. f4 e5 4. Nf3 d6 5. Be2 exf4 6. Bxf4 Nf6 7. O-O Be7 8. Nc3 h6 9. Qd2 Be6 10. Kh1 Qd7 11. d4 cxd4 12. Nxd4 Nxd4 13. Qxd4 O-O 14. Rad1 Kh7 15. Bxd6 Rfd8 16. e5 Bxd6 17. Qxd6 Qxd6 18.
Rxd6 Rxd6 19. exd6 Rd8 20. Rd1 a6 21. a4 g5 22. Bf3 b6 23. Kg1 Kg7 24. Bb7 a5 25. h3 Ne8 26. Bc6 Nxd6 27. Ne4 Nb7 28. Rxd8 Nxd8 29. Bb5 Bf5 30. Bd3 Bxe4 31. Bxe4 Kf6 32.
Kf2 Ke5 33. Ke3 Ne6 34. c3 f5 35. Bc2 Nf4 36. Kf3 Nd5 37. g3 h5 38. Bb3 g4+ 39. hxg4 hxg4+ 40. Kf2 Nf6 41. Bf7 Ne4+ 42.
Kg2 Nc5 43. Be8 Ke4 44. b4 Nd3 45. Bc6+ Ke5 46. bxa5 bxa5 47. Bd7 Nc5 48. Bc6 Kd6 49. Bb5 Ne4 50. c4 Kc5 51. Kh2 Nd6 52. Bd7 Kxc4 53.
Kg2 Kd4 54. Kf2 Ne4+ 55. Kg2 Ke5 56. Bc6 Nc3 57. Kh2 Kd4 58. Kg2 Ke3 59. Bd7 Ke4 0-1

[Event "*** Titled Tuesday Blitz"]
[Site "Chess.com"]
[Date "2021.03.09"]
[Round "1"]
[White "serhanberat_ozdemir"]
[Black "pirulillo"]
[Result "1-0"]
[WhiteElo "2563"]
[BlackElo "2255"]
[TimeControl "180+1"]
[EndTime "10:07:14 PST"]
[Termination "serhanberat_ozdemir won on time"]

1. e4 c5 2. Nf3 e6 3. c3 Nf6 4. e5 Nd5 5. d4 Nc6 6. c4 Nb6 7. d5 Nb4 8. a3 Na6 9. Nc3 d6 10. Bg5 Be7 11. Bxe7 Qxe7 12. dxe6 Bxe6 13. exd6 Qf6 14.
Be2 O-O 15. O-O Rfd8 16. Re1 Bf5 17. Nb5 Qxb2 18. Rc1 Qf6 19. Bf1 Bd7 20. Nc7 Nxc7 21. dxc7 Rdc8 22. Ne5 Be6 23. Qd6 Bf5 24. Qxc5 Nd7 25.
Nxd7 Bxd7 26. Rcd1 Bc6 27. Rd6 Qc3 28. Red1 g6 29.
Rd8+ Kg7 30. Qf8+ Kf6 31. Qh8+ 1-0

[Event "*** Titled Tuesday Blitz"]
[Site "Chess.com"]
[Date "2021.03.09"]
[Round "1"]
[White "azikom"]
[Black "dosto07"]
[Result "1-0"]
[WhiteElo "2649"]
[BlackElo "2348"]
[TimeControl "180+1"]
[EndTime "10:07:15 PST"]
[Termination "azikom won by resignation"]

1. d4 d5 2. Nf3 Nf6 3. Bf4 c5 4. e3 Nc6 5. c3 Qb6 6. Qb3 c4 7. Qc2 Bf5 8. Qc1 e6 9. Nbd2 Qd8 10. Be2 h6 11. O-O Bd6 12. Bxd6 Qxd6 13. b3 cxb3 14. axb3 O-O 15. b4 a6 16. Qb2 Rfc8 17. Nb3 Ne4 18. Nc5 Qc7 19. Rfc1 Nd6 20. Nd2 Na7 21. h3 Nab5 22. c4 dxc4 23. Nxc4 Nxc4 24. Bxc4 Qb6 25. Bf1 Bg6 26. Be2 Rc7 27. Bf3 Nd6 28. Na4 Rxc1+ 29. Rxc1 Qb5 30. Qa3 Be4 31. Nc3 Qf5 32. Nxe4 Nxe4 33.
Rc7 Nd2 34. Bxb7 Rd8 35. Qc1 Ne4 36. Qc2 Nd6 37. Qxf5 exf5 38. Bxa6 Rb8 39. Rc6 Ne4 40. b5 Ra8 41. Rc8+ Rxc8 42. Bxc8 Nd6 43. b6 1-0

[Event "*** Titled Tuesday Blitz"]
[Site "Chess.com"]
[Date "2021.03.09"]
[Round "1"]
[White "youngKID"]
[Black "Atco84"]
[Result "0-1"]
[WhiteElo "2800"]
[BlackElo "2440"]
[TimeControl "180+1"]
[EndTime "10:07:16 PST"]
[Termination "Atco84 won on time"]

1. d4 e6 2. e4 d5 3. Nd2 dxe4 4. Nxe4 Bd7 5. Nf3 Bc6 6. Bd3 Nd7 7. O-O Ngf6 8. Ng3 Bd6 9. Re1 Bxf3 10. Qxf3 c6 11. Nf5 Bf8 12. Bf4 Nb6 13. Be5 Qd5 14. Qe2 O-O-O 15.
Ne3 Qd7 16. a4 a5 17. c3 Nfd5 18. Nc2 Bd6 19. Qf3 Bxe5 20. Rxe5 f6 21. Rxe6 Kb8 22.
Ree1 g6 23. b4 Nxc3 24. bxa5 Nbd5 25. Bc4 Rhe8 26. h3 Ka7 27. Ra3 Rxe1+ 28. Nxe1 Qe7 29.
Nc2 Ne4 30. Qe2 Nd6 31. Qf1 Re8 32. Bxd5 cxd5 33. Qb1 Nc4 34. Ra1 Qc7 35. Qb4 Qxa5 0-1

[Event "*** Titled Tuesday Blitz"]
[Site "Chess.com"]
[Date "2021.03.09"]
[Round "1"]
[White "FMLorneTwitch"]
[Black "Abund"]
[Result "0-1"]
[WhiteElo "2344"]
[BlackElo "2647"]
[TimeControl "180+1"]
[EndTime "10:07:16 PST"]
[Termination "Abund won by resignation"]

1. d4 Nf6 2. Bg5 d5 3. Bxf6 exf6 4. e3 c6 5. c4 dxc4 6. Bxc4 Bd6 7. Nc3 O-O 8. Nge2 Nd7 9. Qc2 g6 10. h4 f5 11. h5 Nf6 12. hxg6 hxg6 13. O-O-O Kg7 14. f3 b5 15. Bd3 b4 16. Na4 Be6 17. e4 fxe4 18.
fxe4 Ng4 19. e5 Be7 20. Kb1 Nf2 21. Nc5 Bxc5 22. dxc5 Nxd1 23. Rxd1 Qd5 24. b3 Qxe5 25. Rf1 Rad8 26. Nf4 Bf5 27. Bxf5 Qxf5 28. Qxf5 gxf5 29. Kc2 Kf6 30. Nh5+ Kg5 31. Ng3 Rd5 32. Ne2 Rxc5+ 33. Kd3 Rd8+ 34. Ke3 Re5+ 35. Kf3 Rd3+ 36. Kf2 Rd2 37. Re1 Rxa2 38. Kf3 Rexe2 39. Rxe2 Rxe2 40. Kxe2 Kg4 41. Kf2 f4 42. Kg1 a5 43. Kf2 c5 44.
Kf1 f3 45. gxf3+ Kxf3 46. Ke1 Kf4 47. Kd2 Ke4 48. Kc2 Kd4 49. Kd2 f5 50. Kc2 Ke3 51.
Kd1 Kd3 52. Ke1 Kc3 53. Kf2 Kxb3 0-1

[Event "*** Titled Tuesday Blitz"]
[Site "Chess.com"]
[Date "2021.03.09"]
[Round "1"]
[White "night_player"]
[Black "Gulkov_Igor"]
[Result "0-1"]
[WhiteElo "2154"]
[BlackElo "2516"]
[TimeControl "180+1"]
[EndTime "10:07:16 PST"]
[Termination "Gulkov_Igor won by resignation"]

1. e4 c5 2. c3 Nf6 3. e5 Nd5 4. Bc4 Nb6 5. Bb3 c4 6. Bc2 Nc6 7. Nf3 d5 8. exd6 Qxd6 9. O-O g6 10. Re1 Bg7 11. h3 O-O 12. b3 Be6 13. Ng5 Bd5 14.
Ba3 Qc7 15. Be4 Rad8 16. Qc2 h6 17. Bxd5 Rxd5 18. Nf3 Rfd8 19. Bb2 e5 20. Na3 Ne7 21. bxc4 Nxc4 22. Nxc4 Qxc4 23. Ba3 Nc6 24. Qb3 Qxb3 25. axb3 f5 26. Bc1 e4 27. Nh2 a6 28. Nf1 Ne5 29.
Ba3 Nd3 30. Red1 R5d7 31. f3 exf3 32. gxf3 Nf4 33. Kh2 Bxc3 34. Rac1 Be5 35. Kh1 Nd3 36. Kg2 Nxc1 37. Rxc1 Kf7 38. Bc5 Rc8 39. Ba3 Rxc1 40. Bxc1 Bf4 41. Kf2 Rd3 42. b4 Rb3 43. Ke2 Rxb4 44.
Ba3 Rb3 45. Bc5 b6 46. Bf2 a5 47. Ne3 Bxe3 48. Bxe3 a4 0-1

[Event "*** Titled Tuesday Blitz"]
[Site "Chess.com"]
[Date "2021.03.09"]
[Round "1"]
[White "AlexeiShirov"]
[Black "jaskol95"]
[Result "1-0"]
[WhiteElo "2841"]
[BlackElo "2443"]
[TimeControl "180+1"]
[EndTime "10:07:17 PST"]
[Termination "AlexeiShirov won by checkmate"]

1. e4 e6 2. d4 d5 3. e5 c5 4. c3 Nc6 5. Nf3 Bd7 6. Be2 Nge7 7. O-O Nf5 8. dxc5 Bxc5 9. Bd3 Nfe7 10. b4 Bb6 11. b5 Na5 12. Ba3 Rc8 13. Bb4 h6 14. a4 O-O 15. Nbd2 Re8 16. Nd4 Bxd4 17. cxd4 Nf5 18. Bxa5 Qxa5 19. Nb3 Qb4 20. Bxf5 exf5 21. Nc5 Rxc5 22. Rb1 Qa3 23. dxc5 Qxc5 24. Qc1 Qb6 25. Re1 g6 26. Qa3 Kg7 27. a5 Qd4 28. Rbd1 Rxe5 29. b6 axb6 30. axb6 Rxe1+ 31. Rxe1 Qxb6 32. Qc3+ Qf6 33. Qc5 Bc6 34. g3 Qb2 35. Rd1 Kf6 36. Qf8 Qc2 37. Qh8+ Kg5 38. Rd4 Qc1+ 39. Kg2 Bb5 40.
Qd8+ f6 41. h4+ Kh5 42. Rf4 Qf1+ 43. Kh2 Be2 44. Rxf5+ gxf5 45. Qe8+ Kg4 46. Qg6+ Kf3 47. Qxf5# 1-0

[Event "*** Titled Tuesday Blitz"]
[Site "Chess.com"]
[Date "2021.03.09"]
[Round "1"]
[White "elegant285"]
[Black "sofaceindisguise"]
[Result "1/2-1/2"]
[WhiteElo "2291"]
[BlackElo "2578"]
[TimeControl "180+1"]
[EndTime "10:07:17 PST"]
[Termination "Game drawn - insufficient material"]

1. d4 Nf6 2. c4 e6 3. Nf3 Bb4+ 4. Bd2 Qe7 5. g3 Nc6 6. Bg2 Bxd2+ 7. Nbxd2 O-O 8.
O-O d6 9. e4 e5 10. d5 Nb8 11.
Qc2 a5 12. Ne1 Na6 13. Nd3 Nd7 14. b3 Ndc5 15. Nxc5 Nxc5 16. a3 f5 17. b4 Nxe4 18. Nxe4 fxe4 19. Bxe4 h6 20. Rac1 Bh3 21. Rfe1 axb4 22.
axb4 Rf6 23. c5 Raf8 24. cxd6 cxd6 25. f3 Rc8 26. Qd3 Rff8 27. Qb5 Rc7 28. Qe2 Rfc8 29. Qd2 Bd7 30. Bb1 Be8 31. Bf5 Rxc1 32. Rxc1 Rc7 33. Rc3 Qd8 34. Qc2 Rxc3 35. Qxc3 Qb6+ 36. Kg2 Kf8 37. Bc2 Qd4 38. Qxd4 exd4 39. Bd3 Ba4 40. Kf2 Bb3 41. Be4 Bc4 42. Ke1 Ke7 43. f4 Kd8 44.
Kd2 Kc7 45. Bd3 Bxd5 46. Be2 Be4 47. Bc4 d5 48. Be2 Kb6 49. Bf1 Kc6 50. Be2 d3 51. Bxd3 Bxd3 52. Kxd3 Kb5 53. Kc3 d4+ 54. Kxd4 Kxb4 55.
g4 Ka4 56. h4 b5 57. g5 hxg5 58. hxg5 b4 59. f5 b3 60. f6 gxf6 61. gxf6 b2 62. f7 b1=Q 63. f8=Q Qd1+ 64. Ke5 Qe2+ 65. Kf6 Qf3+ 66. Ke7 Qxf8+ 67. Kxf8 1/2-1/2

[Event "*** Titled Tuesday Blitz"]
[Site "Chess.com"]
[Date "2021.03.09"]
[Round "1"]
[White "DonBroca"]
[Black "maxip32"]
[Result "0-1"]
[WhiteElo "2159"]
[BlackElo "2519"]
[TimeControl "180+1"]
[EndTime "10:07:17 PST"]
[Termination "maxip32 won by checkmate"]

1. e4 c5 2. Nf3 d6 3. d4 cxd4 4.
Nxd4 Nf6 5. Nc3 a6 6. f3 e5 7. Nb3 Be6 8. Be3 Be7 9. Qd2 O-O 10. g4 d5 11. exd5 Nxd5 12. Nxd5 Qxd5 13. Qxd5 Bxd5 14.
Be2 Nd7 15. O-O-O Be6 16. Bd3 b6 17. h4 Rfc8 18. Kb1 a5 19. Nd2 Nc5 20. Ne4 Nxd3 21. Rxd3 b5 22. g5 b4 23. Rhd1 a4 24. Bc5 Bxc5 25.
Nxc5 Bf5 26. Rd5 f6 27. gxf6 gxf6 28. Ne4 Kf7 29. Nd6+ Ke6 30. Nxc8 Rxc8 31. R5d2 b3 32. axb3 axb3 33. Kc1 bxc2 34. Rxc2 Rxc2+ 35. Kb1 Rc4+ 36. Ka2 Bc2 37. Rc1 Ra4# 0-1